 Dungeon Crawl Stone Soup version 0.28-a0-1510-gd0f6b136d3 (webtiles) character file.

Game seed: 4199816331363842088

114 pascalblue the Chopper (level 4, 0/40 HPs)
             Began as a Hill Orc Fighter on Jan 14, 2022.
             Slain by a phantom (7 damage)
             ... on level 4 of the Dungeon.
             The game lasted 00:16:06 (2767 turns).

pascalblue the Chopper (Hill Orc Fighter)           Turns: 2767, Time: 00:16:06

Health: 0/40       AC:  8    Str: 26    XL:     4   Next: 98%
Magic:  4/4        EV:  9    Int:  4    God:
Gold:   553        SH:  9    Dex: 10    Spells: 3/3 levels left

rFire   . . .      SeeInvis .   s - +4 hand axe of the Vulture {speed, rElec rC+++ Int-4}
rCold   + + +      Faith    .   c - +0 buckler
rNeg    . . .      Spirit   .   b - +0 scale mail
rPois   .          Reflect  +   (no helmet)
rElec   +          Harm     .   l - +0 cloak
rCorr   .          Rampage  .   (no gloves)
Will    .....                   (no boots)
Stlth   ..........              g - amulet of reflection
HPRegen 0.13/turn               e - +6 ring of strength
MPRegen 0.09/turn               (no ring)

@: mighty
A: no striking features
a: no special abilities


You were on level 4 of the Dungeon.
You visited 1 branch of the dungeon, and saw 4 of its levels.

You collected 1438 gold pieces.
You spent 885 gold pieces at shops.

Inventory:

Hand Weapons
 a - a +0 war axe
 s - the +4 hand axe of the Vulture (weapon) {speed, rElec rC+++ Int-4}
   (You found it on level 3 of the Dungeon)

   Attacks with this weapon are significantly faster.
   Int:       It affects your intelligence (-4).
   rC:        It renders you almost immune to cold.
   rElec:     It insulates you from electricity.
Missiles
 f - 9 poisoned darts (quivered)
Armour
 b - a +0 scale mail (worn)
 c - a +0 buckler (worn)
 l - a +0 cloak (worn)
Jewellery
 e - a +6 ring of strength (left hand)
 g - an amulet of reflection (around neck)
 h - an amulet of the acrobat
Scrolls
 i - 2 scrolls of teleportation
 q - a scroll of enchant weapon {unknown}
Potions
 j - a potion of magic
 k - a potion of brilliance
 o - a potion of berserk rage
 r - a potion of attraction {unknown}


   Skills:
 + Level 4.1 Fighting
 + Level 4.7 Axes
 + Level 4.0 Armour
 + Level 0.3 Dodging
 + Level 3.8 Shields


You had 3 spell levels left.
You didn't know any spells.
Your spell library was empty.

Dungeon Overview and Level Annotations

Branches:
Dungeon (4/15)
 Temple: D:4-7

Altars:
Dithmenos

Shops:
D:2 =


Message History

Where to? (Enter - D:3, ? - help)
There is a stone staircase leading down here.
You climb downwards.
The black bear growls angrily.
The phantom barely misses you. You block the black bear's attack.
The black bear claws you.
The black bear claws you but does no damage.
You block the orc's attack.
There is a stone staircase leading up here.
You hit the orc but do no damage. You hit the black bear. You hit the phantom.
The phantom hits you.
The phantom blinks!
You blink.
A centaur skeleton comes into view.
The phantom barely misses you. The black bear bites you!
The black bear claws you but does no damage. x2
The orc hits you but does no damage. The black bear barely misses you.
You block the black bear's attack. The black bear barely misses you.
There is a stone staircase leading up here.
You barely miss the black bear. You hit the centaur skeleton.
You block the centaur skeleton's attack. x2
The black bear bites you. The black bear closely misses you.
The black bear barely misses you.
You slash the black bear!
The black bear is moderately wounded.
You barely miss the phantom. You hit the centaur skeleton.
You block the centaur skeleton's attack. x2
The phantom hits you.
You closely miss the black bear.
The black bear is moderately wounded.
You slash the centaur skeleton! You hit the phantom. The black bear bites you.
The black bear claws you. You block the black bear's attack.
The centaur skeleton completely misses you.
The centaur skeleton closely misses you.
The phantom hits you!
* * * LOW HITPOINT WARNING * * *
The phantom blinks!
You blink.
You feel very mighty all of a sudden. The phantom hits you!
You die...

#...
..#..#
#.#..#
#.#..#
#.#..#
##.#.ยง#
####..Z.o#
#.W..#...#
#@##...#.#
#.###.##.#
#.# #.##.#
... ..##.#
#.######.#
..# #.#
### .#


You could see a phantom, an orc and a centaur skeleton.

Vanquished Creatures
  4 adders
  A worm (D:3)
  5 dart slugs
  3 orcs (D:3)
  2 endoplasms (D:1)
  5 giant cockroaches
  12 hobgoblins
  2 quokkas
  10 ball pythons
  5 bats
  2 frilled lizards
  8 kobolds
  5 rats
64 creatures vanquished.

Notes
Turn   | Place    | Note
-------+----------+-------------------------------------------
     0 | D:1      | pascalblue the Hill Orc Fighter began the quest for the
                  | Orb.
     0 | D:1      | Reached XP level 1. HP: 19/19 MP: 1/1
    52 | D:1      | Found a faded altar of an unknown god.
   198 | D:1      | Reached XP level 2. HP: 26/27 MP: 2/2
   573 | D:1      | Reached XP level 3. HP: 33/33 MP: 3/3
   695 | D:2      | Found Hamifry's Jewellery Shop.
   844 | D:2      | Reached XP level 4. HP: 15/40 MP: 4/4
  1582 | D:3      | Found a shadowy altar of Dithmenos.
  2182 | D:3      | Identified the +4 hand axe of the Vulture {speed, rElec
                  | rC+++ Int-4}
  2237 | D:3      | Identified a scroll of acquirement
  2237 | D:3      | Acquired 1291 gold pieces
  2514 | D:4      | Noticed a phantom
  2681 | D:2      | Bought a +6 ring of strength for 585 gold pieces
  2681 | D:2      | Bought an amulet of reflection for 300 gold pieces
  2754 | D:4      | Noticed a black bear
  2767 | D:4      | Slain by a phantom

Illustrated notes

Levels and vault maps discovered:
D:1:      evilmike_arrival_plus, layout_rooms,
          nicolae_ecumenical_snake_handling, serial_bayou_lagoon_b
D:2:      layout_loops_cross, serial_shops, shop_coins, minmay_heptomino_o4
D:3:      layout_loops_cross, grunt_decor_arrowhead, kennysheep_flooded_box,
          kennysheep_boxes
D:4:      layout_loops_ring, temple_fountains, uniq_crazy_yiuf_cottage

Skill      XL: |  1  2  3  4 |
---------------+-------------+-----
Axes           | 3 4 |  4.7
Fighting       | 4 |  4.1
Armour         | 4 |  4.0
Dodging        | |  0.3
Shields        | |  3.8

Action                   |  1- 3 |  4- 6 || total
-------------------------+-------+-------++-------
Melee: War axe           |    83 |    67 ||   150
       Hand axe          |       |     9 ||     9
  Use: Scroll            |       |     8 ||     8
       Potion            |       |     1 ||     1
Armor: Scale mail        |    55 |    33 ||    88
Dodge: Dodged            |    51 |    39 ||    90
Block: Buckler           |    21 |    21 ||    42

Table legend: (Time is in decaauts)
 A = Elapsed time spent in this place.
 B = Non-inter-level travel time spent in this place.
 C = Inter-level travel time spent in this place.
 D = Time resting spent in this place.
 E = Time spent auto-exploring this place.
 F = Levels seen in this place.
 G = Mean time per level.
                   A        B        C        D        E       F      G
               +--------+--------+--------+--------+--------+-----+--------+
         Total |   2832 |   2556 |    276 |      0 |   1746 |   4 |  708.0 |
       Dungeon |   2832 |   2556 |    276 |      0 |   1746 |   4 |  708.0 |
               +--------+--------+--------+--------+--------+-----+--------+

Top non-repeatable levels by time:
     D:2: 1126 daAuts
     D:3: 878 daAuts
     D:1: 814 daAuts
     D:4: 14 daAuts
